Unix NetHack Version 3.7.0-83 Work-in-progress - last build Apr 28 2023 12:05:44 (2625824c38750939014cf799bb7ff71c9e9c2d48,branch:master). Game began 2023-05-02 17:00:26, ended 2023-06-16 23:09:10. Judas, chaotic male human Priest ------ |....| ----------- |....| |.........| |.....## #..........| |..*.| ## %|^.(......| |..s.| #` ----------+----- ##|_........| ---------- -.-+-- #### #............%...### |....>....| ###-........| ######### # #|..............| ----.------ ## |........| ## #%)##................ ## # |........| # %##---------------- # ####.......<.| # ## u # ---------- ---.---- #@## # |......| # # |$$$$$$+ ------|----- # |$$$$$$| |...<......| ## |$$$$$$| ###............## |$$$$$.| |.`........| -------- ------------ Judas the Priest St:18 Dx:18 Co:18 In:11 Wi:18 Ch:10 Chaotic S:125648 Dlvl:7 $:0 HP:104(105) Pw:27(146) AC:-16 Xp:12/38833 T:25634 Latest messages: You hit the dog! The dog bites! You kill the dog! You see here a dwarvish mithril-coat. Where do you want to travel to? (For instructions type a '?') There's a gaping hole under you! What do you want to use or apply? [bdf-hklpsx-zABD-GJKM-OTU or ?*] b V - a cursed potion of blindness. What do you want to dip? [abdf-hk-mp-tw-zABD-KM-OT-VYZ or ?*] h What do you want to dip a blessed unicorn horn into? [V or ?*] V The orange potion clears. V - a potion of water. What do you want to use or apply? [bdf-hklpsx-zABD-GJKM-OTU or ?*] b You put a potion of water into the bag of holding. What do you want to use or apply? [bdf-hklpsx-zABD-GJKM-OTU or ?*] b Where do you want to be teleported? (For instructions type a '?') You materialize in a different location! You descend the stairs. Where do you want to travel to? (For instructions type a '?') The gray unicorn misses! The gray unicorn kicks! Pick an object. Restoring save file... Hello Judas, the human Priest, welcome back to NetHack! Really quit? [yn] (n) y Do you want your possessions identified? [ynq] (y) q Inventory: Amulets I - an amulet of reflection (being worn) Weapons Y - a +0 arrow t - a blessed +2 aklys (tethered weapon in hand) Armor w - a blessed greased burnt +0 elven leather helm (being worn) m - a +0 pair of leather gloves (being worn) q - a +0 pair of speed boots (being worn) Z - a blessed +0 small shield (being worn) H - a blessed +5 mummy wrapping (being worn) v - a blessed +4 gray dragon scale mail (being worn) Rings a - a ring of regeneration C - a ring of shock resistance (on right hand) P - a ring of teleport control (on left hand) Wands d - a wand of digging (0:6) A - a wand of fire (0:2) N - a cursed wand of lightning (0:1) l - a wand of locking (0:1) x - a wand of magic missile (0:6) K - a wand of magic missile (0:3) M - a wand of make invisible (0:5) f - a wand of opening (0:4) g - a wand of opening (0:1) J - a wand of polymorph (0:1) E - a wand of probing (0:3) D - a wand of sleep (0:4) F - a wand of teleportation (0:0) y - a wand of wishing (1:3) Tools b - a blessed greased bag of holding containing 90 items G - a drum of earthquake (0:5) T - a magic harp (0:4) z - a tooled horn O - an expensive camera (0:31) U - an oil lamp B - a +0 pick-axe (alternate weapon; not wielded) k - a skeleton key s - a stethoscope p - a towel h - a blessed +0 unicorn horn Gems/Stones r - a luckstone Contents of the bag of holding: 2538 gold pieces an amulet versus poison a cursed amulet of restful sleep a cursed amulet of restful sleep a cursed amulet of strangulation a cursed amulet of strangulation a +1 aklys a blessed +1 orcish helm a +0 pair of water walking boots a +0 shield of reflection a cursed -4 cloak of invisibility a +0 cloak of protection a +0 mummy wrapping a +0 mummy wrapping a +0 mummy wrapping a burnt +0 robe 4 C-rations 8 blessed eucalyptus leaves 2 food rations 2 K-rations a lembas wafer a sprig of wolfsbane a tripe ration 7 eggs a lichen corpse 3 lizard corpses a scroll of confuse monster a blessed scroll of blank paper 8 scrolls of blank paper a cursed scroll of blank paper a cursed scroll of destroy armor a cursed scroll of earth a scroll of enchant armor a cursed scroll of enchant armor a scroll of magic mapping a scroll of remove curse a scroll of taming 6 scrolls of teleportation a spellbook of clairvoyance a blessed spellbook of detect treasure a spellbook of detect unseen a spellbook of finger of death a spellbook of force bolt a spellbook of healing a blessed greased spellbook of identify a spellbook of light a blessed spellbook of magic missile a spellbook of remove curse a spellbook of stone to flesh a potion of acid a potion of gain energy a potion of speed 4 potions of holy water a potion of water a +1 ring of gain constitution a ring of levitation a cursed ring of polymorph a wand of speed monster (0:6) a tallow candle 2 cursed tallow candles a blessed wax candle a wax candle a cursed wax candle a tin whistle a blindfold a blindfold a can of grease (0:16) a blessed figurine of a gargoyle a leash a leash a magic marker (0:86) a mirror a mirror an oil lamp an oil lamp a skeleton key a skeleton key a tin opener a towel an amber stone 2 amethyst stones 2 diamonds 4 emeralds a garnet stone 4 jet stones an obsidian stone 6 rubies 3 turquoise stones a luckstone a blessed touchstone Judas the Priest's attributes: Background: You were a Priest, level 12 human. You were chaotic, on a mission for Manannan Mac Lir who was opposed by Lugh (lawful) and Brigit (neutral). You were in the Dungeons of Doom, on level 7. You entered the dungeon 25634 turns ago. It was nighttime. You had 38833 experience points, 1167 more were needed to attain level 13. Your score was 125648 before end-of-game adjustments. Basics: You had 104 out of 105 hit points. You had 27 out of 146 energy points (spell power). Your armor class was -16. Your wallet was empty, but you had 2538 zorkmids stashed away in your pack. Autopickup was off. Final Characteristics: Your strength was 18 (limit:18/100). Your dexterity was 18 (limit:18). Your constitution was 18 (limit:18). Your intelligence was 11 (limit:18). Your wisdom was 18 (limit:18). Your charisma was 10 (limit:18). Final Status: You were not hungry. You were unencumbered. You were wielding a club. You had expert skill with club. Final Attributes: You were piously aligned. You were magic-protected. You were fire resistant. You were cold resistant. You were shock resistant. Your items were protected from electric shocks. You were poison resistant. You saw invisible. You were telepathic. You could teleport. You had teleport control. You had a small defense bonus (+5). You were warded. You were very fast. You had reflection. You were extremely lucky. You had extra luck. Bad luck did not time out for you. Good luck did not time out for you. You survived. Miscellaneous: You never encountered a bones level. Total elapsed playing time was 10 hours, 53 minutes and 59 seconds. Major events: Turn 1: Judas the chaotic human Priest entered the dungeon 672: entered the Gnomish Mines 1005: attained the rank of Acolyte (level 3) 4975: attained the rank of Adept (level 6) 5626: entered Sokoban 8609: reached Mine Town 10247: acquired the Mines' End luckstone 13695: attained the rank of Priest (level 10) 13795: completed 1st Sokoban level 14066: completed 2nd Sokoban level 14418: completed 3rd Sokoban level 15178: completed 4th Sokoban level 15434: acquired the Sokoban amulet of reflection 16053: performed his first genocide (class L) 23187: killed Medusa 23888: made his first wish - "marker", got "a magic marker" 23889: wished for "blessed greased fixed spellbook of identify", got "a blessed greased shining spellbook" 25053: entered Gehennom 25634: quit Vanquished creatures: Medusa a storm giant 5 gray dragons a red dragon a green dragon a yellow dragon a genetic engineer a lurker above an Aleax a golden naga a black pudding a lieutenant a winged gargoyle 3 giant mimics a long worm a zruty a fire giant an ogre tyrant an ice troll an umber hulk a flesh golem an elven monarch 2 large mimics a wumpus a couatl a stalker an air elemental 3 earth elementals a hill giant a giant mummy a black naga 4 xorns a sergeant 4 wargs 2 small mimics 4 xans 2 quantum mechanics 2 trolls 4 sharks a pyrolisk 3 freezing spheres 2 flaming spheres a shocking sphere a large cat a tiger a gargoyle 2 dwarf rulers a tengu an ochre jelly 3 leocrottas 2 energy vortices a stone giant a human mummy a red naga 3 pythons a pit viper a cobra 2 wraiths 2 ettin zombies 16 soldiers 2 watchmen an amorous demon 2 chameleons 4 giant beetles a quivering blob a cockatrice a wolf 2 winter wolf cubs a lynx 8 leprechauns 2 orc-captains 2 iron piercers 6 giant spiders a scorpion an ice vortex 3 black lights 2 vampire bats 2 gnome rulers 2 orc mummies a dwarf mummy a brown pudding 4 rust monsters 4 owlbears a yeti 2 gold golems a piranha 2 giant eels 9 lizards a chickatrice a dingo 3 dogs 4 jaguars a dwarf leader 2 blue jellies a white unicorn a black unicorn 2 dust vortices 8 ravens 8 gnome mummies 5 snakes 6 apes 12 human zombies a Woodland-elf 3 soldier ants 7 fire ants a bugbear 2 quasits 3 wood nymphs 4 Mordor orcs 11 Uruk-hai 5 rock piercers 3 ponies 9 fog clouds 2 yellow lights 3 shriekers 2 violet fungi 14 gnome leaders 3 gnomish wizards 3 kobold mummies a gray ooze 9 elf zombies 3 straw golems a paper golem 17 giant ants 3 little dogs 6 floating eyes a kitten 16 dwarves 2 homunculi 4 kobold leaders a kobold shaman 11 hill orcs 6 rothes 3 rabid rats 3 centipedes 4 giant bats a monkey 2 orc zombies 4 dwarf zombies 2 wererats 3 werejackals 11 iguanas 5 acid blobs 8 coyotes 4 gas spores 7 hobbits a manes 3 hobgoblins 11 giant rats 10 cave spiders a brown mold 7 yellow molds 2 green molds 2 red molds 62 gnomes 15 garter snakes 4 gnome zombies 11 geckos 28 jackals 4 foxes 3 kobolds 7 goblins 9 sewer rats 12 grid bugs 6 bats 10 lichens 6 kobold zombies 14 newts 676 creatures vanquished. Genocided species: liches demiliches master liches arch-liches 4 species genocided. Voluntary challenges: You read items or engraved 46 times. You never engraved Elbereth. You genocided 4 types of monsters. You never polymorphed an object. You used 2 wishes. You did not wish for any artifacts. You did not violate any of the special Sokoban rules. Achievements: You entered the Gnomish Mines. You attained the rank of Acolyte. You entered a shop. You attained the rank of Adept. You entered Sokoban. You entered Minetown. You completed the Gnomish Mines. You attained the rank of Priest. You completed Sokoban. You defeated Medusa. You learned the tune to open and close the Castle's drawbridge. You entered Gehennom. You entered a temple. The Dungeons of Doom: levels 1 to 29 Level 1: Level 2: A fountain. Stairs down to The Gnomish Mines. Level 3: Level 4: A potion shop. Level 5: Level 6: Some fountains. Oracle of Delphi. Level 7: <- You were here. An altar. Stairs up to Sokoban, level 6. Level 8: Level 9: Level 10: "#=" A sink. Level 11: Level 12: A fountain. Level 13: An altar. Summoned by the Arch Priest. Portal to The Quest. Level 14: A delicatessen. Level 15: Level 16: A primitive area. Level 17: A fountain. Level 18: Some fountains. Level 19: A fountain. Level 20: Level 21: A fountain. Level 22: Level 23: Level 24: A fountain. Level 25: Many trees. Level 26: Level 27: Level 28: Level 29: The castle (play notes "FABFD" to open or close drawbridge). Connection to Gehennom. Gehennom: Level 30: The Gnomish Mines: levels 3 to 11 Level 3: Level 4: Level 5: Level 6: Many shops, a temple, some fountains. Level 7: Level 8: Level 9: Level 10: Level 11: Some fountains. The Quest: Level 1: Many trees. Home. Sokoban: levels 6 up to 3 Level 3: "black uni" Solved. Level 4: Solved. Level 5: Solved. Level 6: Solved. Goodbye Judas the Priest... You quit in The Dungeons of Doom on dungeon level 7 with 125648 points, and 2538 pieces of gold, after 25634 moves. You were level 12 with a maximum of 105 hit points when you quit.